 Dungeon Crawl Stone Soup version 0.29.1-2-gbd0b4ee654 (webtiles) character file.

Game seed: 3182851338240367318

170 GorkyZ the Conjurer (level 5, -2/31 HPs)
             Began as an Octopode Conjurer on Nov 15, 2022.
             Succumbed to a scorpion's poison
             ... on level 3 of the Dungeon.
             The game lasted 00:14:59 (3064 turns).

GorkyZ the Conjurer (Octopode Conjurer)             Turns: 3064, Time: 00:15:00

Health: -2/31      AC:  1    Str:  4 (6)  XL:     5   Next: 50%
Magic:  4/11       EV: 13    Int: 21 (22) God:
Gold:   126        SH:  0    Dex:  8 (11) Spells: 11/12 levels left

rFire   . . .      SeeInvis .     - Unarmed
rCold   . . .      Faith    .   (no shield)
rNeg    . . .      Spirit   .   (helmet restricted)
rPois   .          Reflect  .   (no amulet)
rElec   .          Harm     .   (no ring)
rCorr   .          Rampage  .   (no ring)
Will    .....                   (no ring)
Stlth   +++.......              (no ring)
HPRegen 0.10/turn               (no ring)
MPRegen 0.12/turn               (no ring)
                                (no ring)
                                (no ring)

@: lethally poisoned (-2 -> -22)
A: almost no armour, amphibious, 8 rings, camouflage 1, gelatinous body 1,
(nimble swimmer 1), tentacles
a: no special abilities


You were on level 3 of the Dungeon.
You visited 1 branch of the dungeon, and saw 3 of its levels.

You collected 126 gold pieces.

Inventory:

Armour
 c - a scarf of invisibility
Jewellery
 j - a ring of poison resistance
Scrolls
 e - a scroll of vulnerability
 g - a scroll of teleportation
 h - a scroll of enchant armour
 k - a scroll of identify
Potions
 a - 3 potions of magic
 b - 2 potions of degeneration
 d - 2 potions of flight


   Skills:
 + Level 4.1 Dodging
 - Level 2.7 Stealth
 + Level 3.3 Unarmed Combat
 + Level 4.2 Spellcasting
 + Level 6.0 Conjurations


You had 11 spell levels left.
You knew the following spells:

 Your Spells              Type           Power      Damage    Failure   Level
a - Magic Dart            Conj           100%       1d8       1%          1

Your spell library contained the following spells:

 Spells                   Type           Power      Damage    Failure   Level
 Searing Ray              Conj           58%        2d6       1%          2
 Dazzling Flash           Conj/Hex       34%        N/A       10%         3
 Sublimation of Blood     Necr           4%         N/A       19%         2
 Wereblood                Tmut           4%         N/A       19%         2
 Fulminant Prism          Conj/Hex       8%         3d7       32%         4
 Iskenderun's Mystic Bla  Conj/Tloc      17%        2d5       32%         4
 Summon Hydra             Summ           2%         N/A       100%        7


Dungeon Overview and Level Annotations

Branches:
Dungeon (3/15)

Altars:
Kikubaaqudgha
Makhleb

Shops:
D:2 *


Innate Abilities, Weirdness & Mutations

You cannot wear most types of armour.
You are amphibious.
You can wear up to eight rings at the same time.
Your skin changes colour to match your surroundings (Stealth+).
Your rubbery body absorbs attacks. (AC +1, EV +1)
((You are camouflaged when in or above water. (Stealth+)))
You have tentacles for arms and can constrict up to eight enemies at once.


Message History

Aim: a gnoll, wielding a +0 flail (severely wounded, 100% to hit)
The magic dart hits the gnoll.
The gnoll is almost dead.
The gnoll hits you with a +0 flail!
Aiming: Magic Dart (safe; 1% risk of failure)
Press: ? - help, Q - select action Shift-Dir - straight line, f/p - gnoll
Aim: a gnoll, wielding a +0 flail (almost dead, 100% to hit)
The magic dart hits the gnoll.
You kill the gnoll!
Aiming: Magic Dart (safe; 1% risk of failure)
Press: ? - help, Q - select action Shift-Dir - straight line, f - scorpion
Aim: a scorpion (100% to hit)
The magic dart hits the scorpion but does no damage.
The scorpion stings you.
You are poisoned.
The scorpion poisons you!
You closely miss the scorpion. Your grab misses the scorpion.
You feel very sick. The scorpion barely misses you.
You tentacle-slap the scorpion. Your grab misses the scorpion.
Your squeeze misses the scorpion.
The scorpion is lightly wounded.
You feel sick. The scorpion stings you.
Aiming: Magic Dart (safe; 1% risk of failure)
Press: ? - help, Q - select action Shift-Dir - straight line, f/p - scorpion
Aim: a scorpion (lightly wounded, 100% to hit)
The magic dart hits the scorpion.
The scorpion is moderately wounded.
You feel sick. The scorpion barely misses you.
Aiming: Magic Dart (safe; 1% risk of failure)
Press: ? - help, Q - select action Shift-Dir - straight line, f/p - scorpion
Aim: a scorpion (moderately wounded, 100% to hit)
The magic dart hits the scorpion.
The scorpion is moderately wounded.
You feel sick. The scorpion stings you!
* * * LOW HITPOINT WARNING * * *
You are more poisoned.
The scorpion poisons you! The scorpion misses you.
Okay, then.
You die...

*,* *,,,,,,* *,*
**#♣.***,,♣#** *,*
*,+..*,,*,.+,* ****,*
**,+..#,,*..+,* ,,,,,*
#,,*♣..###.**,* ******
#.***....),**,* *
#.#***♣s?♣***,*
#****###..####''####.#
,,,.............@....#
***..#*#.......#######
###..#####.....#
...>...........# ###
***..########..######.##
###..# #..........#
..#[.# #.#######.##
....[# #.# #.# .....#
#.# ##.##


You could see a scorpion.

Vanquished Creatures
  A gnoll (D:3)
  7 adders
  2 worms
  A dart slug (D:1)
  7 ball pythons (D:2)
  2 bat skeletons (D:3)
  3 bat zombies (D:3)
  2 endoplasms (D:1)
  2 giant cockroaches (D:1)
  5 goblins
  9 hobgoblins
  8 jackals
  A quokka (D:2)
  7 bats
  6 frilled lizards
  2 kobolds
  8 rats
73 creatures vanquished.

Notes
Turn   | Place    | Note
-------+----------+-------------------------------------------
     0 | D:1      | GorkyZ the Octopode Conjurer began the quest for the Orb.
     0 | D:1      | Reached XP level 1. HP: 11/11 MP: 3/3
    77 | D:1      | Reached skill level 5 in Conjurations
    77 | D:1      | Reached XP level 2. HP: 17/17 MP: 3/6
   219 | D:1      | Reached XP level 3. HP: 21/21 MP: 6/8
  1365 | D:2      | Reached XP level 4. HP: 27/27 MP: 2/9
  1873 | D:2      | Reached XP level 5. HP: 31/31 MP: 7/11
  2244 | D:2      | Found a burning altar of Makhleb.
  2366 | D:2      | Found Tocais's Assorted Antiques.
  2841 | D:3      | Reached skill level 6 in Conjurations
  2946 | D:3      | Found an ancient bone altar of Kikubaaqudgha.
  3064 | D:3      | Succumbed to a scorpion's poison

Illustrated notes

Levels and vault maps discovered:
D:1:      erik_arrival_triangle_medium, layout_loops_corners,
          minmay_misc_feat_room, due_unseen_surprise
D:2:      layout_basic, basic_altar, serial_shops, nicolae_shop_waterfront,
          minmay_snake_closets
D:3:      layout_loops_ring, kennysheep_vampire_church,
          kennysheep_generic_room_7, uniq_ijyb

Skill      XL: |  1  2  3  4  5 |
---------------+----------------+-----
Dodging        | 4 |  4.1
Unarmed Combat | 3 |  3.3
Spellcasting   | 3 4 |  4.2
Conjurations   | 5 6 |  6.0
Stealth        | |  2.7

Action                   |  1- 3 |  4- 6 || total
-------------------------+-------+-------++-------
Melee: Unarmed           |    10 |     6 ||    16
       Tentacles         |     3 |     1 ||     4
       Constrict         |     2 |       ||     2
 Cast: Magic Dart        |    52 |    86 ||   138
  Use: Potion            |     1 |     3 ||     4
       Scroll            |       |     9 ||     9
Armor: Skin              |       |     6 ||     6
Dodge: Dodged            |    11 |    23 ||    34
